AoeStats
← mvkris92

Black Forest

510735886Analyzed
2v2 RM · 21h ago on Oct 2, 2026· 92m 46s· 4 players
Game mode
Random Map
Map size
Medium (4 player)
Population
200
Speed
Normal
Resources
Standard
Victory
Conquest
Starting age
Dark Age
Ending age
Imperial Age
RankedLock teamsTeams togetherTeam positionsShared explorationLock speedFull tech treeHidden civsTurbo modeCheats
Victory
Defeat
🇮🇳 Cumans · India
774
+15
🇨🇳 Celts · China
748
+16
🇺🇸 Huns · United States
790
-17
🇩🇪 Bohemians · Germany
722
-14
mvkris92
0:45 Loom
13:55 Feudal Age
14:24 Double-Bit Axe
14:22 Horse Collar
17:58 Town Watch
20:51 Wheelbarrow
21:20 Bloodlines
24:59 Castle Age
23:19 Fletching
23:32 Padded Archer Armor
24:20 Gold Mining
24:20 Stone Mining
25:59 Bow Saw
25:52 Heavy Plow
26:07 Thumb Ring
27:56 Gold Shaft Mining
27:40 Town Patrol
29:22 Hand Cart
29:17 Bodkin Arrow
29:38 Leather Archer Armor
29:29 Scale Barding Armor
31:06 Murder Holes
32:40 Chain Barding Armor
32:45 Ballistics
37:08 Imperial Age
35:06 Steppe Husbandry
38:21 Conscription
38:41 Plate Barding Armor
38:37 Ring Archer Armor
39:14 Chemistry
38:01 Elite Steppe Lancer
38:12 Heavy Cavalry Archer
39:18 Parthian Tactics
40:06 Onager
40:35 Elite Kipchak
42:49 Crop Rotation
43:22 Two-Man Saw
46:43 Siege Onager
49:57 Guilds
50:18 Coinage
49:49 Caravan
54:42 Forging
53:59 Elite Skirmisher
54:26 Light Cavalry
56:37 Iron Casting
57:21 Hussar
74:49 Banking
小兔子拔萝卜
0:36 Loom
15:14 Feudal Age
15:49 Double-Bit Axe
15:47 Horse Collar
21:38 Castle Age
21:45 Gold Mining
21:50 Stone Mining
23:30 Heavy Plow
25:00 Bow Saw
26:07 Wheelbarrow
31:04 Hand Cart
35:47 Imperial Age
35:59 Ballistics
35:31 Heated Shot
35:52 Masonry
36:11 Stronghold
36:12 Arson
36:15 Gambesons
36:03 Pikeman
37:39 Conscription
37:54 Caravan
38:26 Coinage
38:07 Guilds
38:49 Onager
39:20 Halberdier
41:27 Conscription
41:19 Furor Celtica
40:45 Sappers
41:50 Hoardings
42:14 Furor Celtica
43:28 Heavy Scorpion
49:46 Elite Woad Raider
51:29 Siege Onager
59:47 Chemistry
85:19 Siege Engineers
85:10 Murder Holes
85:26 Fortified Wall
85:07 Guard Tower
85:03 Arrowslits
85:24 Padded Archer Armor
85:14 Fletching
85:25 Scale Mail Armor
85:35 Forging
89:08 Leather Archer Armor
88:49 Bodkin Arrow
89:09 Chain Mail Armor
89:30 Iron Casting
Rvchyv
6:52 Loom
16:21 Feudal Age
19:23 Double-Bit Axe
22:07 Castle Age
25:27 Bow Saw
31:36 Wheelbarrow
31:26 Gold Mining
31:27 Stone Mining
32:52 Gold Shaft Mining
32:08 Horse Collar
33:30 Hand Cart
35:12 Thumb Ring
36:27 Caravan
39:06 Imperial Age
37:02 Ballistics
39:24 Bloodlines
39:15 Husbandry
39:56 Masonry
39:42 Murder Holes
40:49 Chemistry
41:10 Forging
40:50 Fletching
41:01 Padded Archer Armor
41:08 Scale Barding Armor
40:55 Cavalier
42:06 Light Cavalry
43:20 Parthian Tactics
43:18 Bodkin Arrow
43:39 Leather Archer Armor
44:10 Iron Casting
44:25 Bracer
44:54 Heavy Plow
45:28 Heavy Cavalry Archer
48:15 Blast Furnace
47:07 Hussar
47:13 Elite Skirmisher
49:19 Conscription
50:12 Chain Barding Armor
58:50 Town Watch
80:05 Plate Barding Armor
King Kong
0:35 Loom
11:57 Feudal Age
13:01 Double-Bit Axe
22:28 Castle Age
22:40 Fishing Lines
28:44 Gillnets
30:45 Pikeman
32:04 Caravan
33:04 Squires
32:49 Arson
33:14 Wagenburg Tactics
36:45 Bow Saw
38:09 Fortified Wall
37:58 Murder Holes
38:15 Masonry
39:29 Chemistry
44:33 Imperial Age
42:52 Murder Holes
50:25 Scale Mail Armor
50:35 Forging
50:58 Halberdier
51:11 Man-at-Arms
52:28 Long Swordsman
53:41 Two-Handed Swordsman
54:42 Champion
58:44 Iron Casting
58:26 Chain Mail Armor
58:01 Fletching
76:35 Horse Collar
Connection lost

Rejoining the realm…

Still unreachable

The connection could not be restored.

Session expired

The server has moved on; the page needs a fresh start.